Unix NetHack Version 5.0.0-0 post-release - last build Jun 10 2026 00:39:30 (3ee93aec679c4c4259841fe613dc97188e26a321,branch:main).

Game began 2026-06-15 05:39:23, ended 2026-06-15 15:01:05.

CyberFan, chaotic male human Rogue

                                                                 -----------
                     ------       ---------                   0##..........|
   --------------  ##..`..|       |.......|        ----------    |.<(".....|
   |............+  # |....|       |.......|        |....*...|    |.........|
   |............|  # |....|      #-........        |......)(-#   |.........|
   |............|  # ---|--      #|.......|       #-....>...|#   |.........|
   ----.--------- ##    #       ##-------|-       #|........|##  ------.----
       ###      ###    ##      ##        #### #%###|........| #        #
       #####    #      #      ##            # )    ------|--- #        #
         # ###############[####             # %          #    ###     ##
    -----.------#    --.------########[###  # #                 #    ##
    |..........|#    |.......|#        --.--.-#                 #   ##
    |..........|#    |........#        |......#                 #   #
    |.....`..|..#    |.......|         |.....|                  #---.----
    ------------     |.......|         ......|                  #|.(..&!|
                     ---------         |.....|                  #...(fe@|
                                       -------                   |+.....|
                                                                 --------

CyberFan the Rogue      St:13 Dx:17 Co:15 In:9 Wi:10 Ch:10  Chaotic
Dlvl:8  $:460 HP:0(50) Pw:34(34) AC:-8 Xp:8/1332 T:5926 

Latest messages:
 The succubus hits!
 The succubus hits again!
 The succubus acts as though she has got a headache.
 The succubus just misses!
 The succubus hits!
 The succubus pretends to be friendly.
 The succubus hits!
 The succubus hits again!
 The succubus acts as though she has got a headache.
 The succubus hits!
 The succubus misses!
 The succubus acts as though she has got a headache.
 The succubus hits!
 The succubus hits again!
 The succubus pretends to be friendly.
 The succubus hits!
 The succubus hits again!
 The succubus acts as though she has got a headache.
 The succubus just misses!
 The succubus hits!
 The succubus pretends to be friendly.
 The succubus hits!
 The succubus hits again!
 The succubus acts as though she has got a headache.
 The succubus misses!
 The succubus misses!
 The succubus acts as though she has got a headache.
 The succubus hits!
 The succubus hits again!
 The succubus acts as though she has got a headache.
 The succubus hits!
 The succubus misses!
 The succubus acts as though she has got a headache.
 The succubus misses!
 The succubus hits!
 The succubus acts as though she has got a headache.
 The succubus misses!
 The succubus hits!
 The succubus acts as though she has got a headache.
 The succubus hits!
 The succubus misses!
 The succubus acts as though she has got a headache.
 The succubus hits!
 The succubus misses!
 The succubus pretends to be friendly.
 The succubus hits!
 The succubus just misses!
 The succubus pretends to be friendly.
 The succubus hits!
 You die...

Inventory:
 Coins    ('$')
  $ - 460 gold pieces
 Amulets  ('"')
  Z - an uncursed amulet of magical breathing
 Weapons  (')')
  g - 4 uncursed +0 daggers named ammo (at the ready)
  x - an uncursed +0 dagger named weapon (weapon in left hand)
 Armor    ('[')
  F - a blessed +3 dwarvish iron helm (being worn)
  G - an uncursed +3 pair of iron shoes (being worn)
  H - an uncursed +0 dwarvish roundshield (being worn)
  U - an uncursed +0 dwarvish cloak (being worn)
  s - an uncursed +0 dwarvish mithril-coat (being worn)
 Comestibles  ('%')
  a - an uncursed jackfruit
  B - an uncursed apple
  c - 2 uncursed food rations
 Scrolls  ('?')
  j - a blessed scroll of confuse monster
  b - an uncursed scroll of create monster
  i - a blessed scroll of enchant armor
  J - an uncursed scroll of enchant weapon
  q - 3 uncursed scrolls of identify
  M - 2 uncursed scrolls of remove curse
  I - an uncursed scroll of scare monster
  y - an uncursed scroll of taming
 Potions  ('!')
  k - 3 uncursed potions of healing
  A - an uncursed potion of object detection
  Y - an uncursed potion of paralysis
  m - a blessed potion of restore ability
  u - a potion of holy water
 Rings    ('=')
  o - an uncursed ring of slow digestion
 Tools    ('(')
  f - an empty uncursed sack
  e - an uncursed lock pick
 Gems/Stones  ('*')
  E - an uncursed amethyst stone
  R - an uncursed emerald
  t - an uncursed fluorite stone
  O - an uncursed jasper stone
  D - an uncursed turquoise stone
  w - 2 uncursed worthless pieces of blue glass
  X - 2 uncursed worthless pieces of orange glass
  Q - 3 uncursed worthless pieces of red glass
  T - 2 uncursed worthless pieces of yellowish brown glass

CyberFan the Rogue's attributes:

Background:
 You were a Rogue, level 8 male human.
 You were chaotic, on a mission for Kos
 who was opposed by Issek (lawful) and Mog (neutral).
 You were left-handed.
 You were in the Dungeons of Doom, on level 8.
 You entered the dungeon 5926 turns ago.
 There was a new moon in effect when your adventure ended.
 You had 1332 experience points, 1228 more were needed to attain level 9.

Basics:
 You had 0 out of 50 hit points.
 You had all 34 energy points (spell power).
 Your armor class was -8.
 Your wallet contained 460 zorkmids.
 Autopickup was on for '$%?!"=/*' plus thrown, with exceptions.

Final Characteristics:
 Your strength was 13 (limit:18/100).
 Your dexterity was 17 (peak:18, limit:18).
 Your constitution was 15 (limit:18).
 Your intelligence was 9 (limit:18).
 Your wisdom was 10 (peak:12, limit:18).
 Your charisma was 10 (limit:18).

Final Status:
 You weren't hungry.
 You were unencumbered.
 You were wielding a dagger.
 You had expert skill with dagger.

Final Attributes:
 You were piously aligned.
 Your items were somewhat protected from fire.
 Your items were somewhat protected from cold.
 You were stealthy.
 You were guarded.
 Your spell casting was impaired by metallic armor.
 You were lucky.
 You are dead.

Miscellaneous:
 You disabled loading and storing of bones levels.
 Total elapsed playing time was 46 minutes and 46 seconds.

Major events:
 Turn
    1: CyberFan the chaotic male human Rogue entered the dungeon
 1061: entered the Gnomish Mines
 1230: attained the rank of Cutpurse (level 3)
 2226: reached Mine Town
 2328: attained the rank of Rogue (level 6)
 5926: killed by a succubus, while frozen by a floating eye's gaze

Spells:
 Name                 Level Category     Fail Retention
 healing                1   healing      100%   51%-75%

Skills:
 Fighting Skills
   bare handed combat [Unskilled]
   two weapon combat  [Unskilled]
   riding             [Unskilled]
 Weapon Skills
   dagger             [Expert]
   knife              [Unskilled]
   short sword        [Basic]
   broadsword         [Unskilled]
   long sword         [Unskilled]
   two-handed sword   [Unskilled]
   saber              [Unskilled]
   club               [Unskilled]
   mace               [Unskilled]
   morning star       [Unskilled]
   flail              [Unskilled]
   hammer             [Unskilled]
   polearms           [Unskilled]
   spear              [Unskilled]
   crossbow           [Unskilled]
   dart               [Unskilled]
   shuriken           [Unskilled]
 Spellcasting Skills
   divination spells  [Unskilled]
   escape spells      [Unskilled]
   matter spells      [Unskilled]

Voluntary challenges:
 Character rerolling was not enabled.
 You never genocided any monsters.
 You never polymorphed an object.
 You never changed form.
 You used no wishes.
Achievements:
 You entered a shop.
 You entered the Gnomish Mines.
 You attained the rank of Cutpurse.
 You entered Minetown.
 You attained the rank of Rogue.

 The Dungeons of Doom: levels 1 to 9
    Level 1:
       A fountain.
    Level 2:
       A scroll shop, a fountain.
    Level 3:
       A general store.
    Level 4:
       A general store.
       Stairs down to The Gnomish Mines.
    Level 5:
       A general store, a fountain.
    Level 6:
       A fountain.
    Level 7:
       A fountain.
    Level 8: <- You were here.
       An altar to Kos, a grave.
       Final resting place for
          you, killed by a succubus, while frozen by a floating eye's gaze.
    Level 9:
 The Gnomish Mines: levels 5 to 8
    Level 5:
    Level 6:
    Level 7:
    Level 8:


Vanquished creatures:
  3 small mimics
  a chameleon
 12 leprechauns
  a mumak
  a giant spider
  a gnome ruler
  a dwarf mummy
  2 owlbears
  a lizard
  a jaguar
  a dwarf leader
  2 snakes
  3 apes
  2 human zombies
  a soldier ant
  a fire ant
  a water nymph
  a mountain nymph
  a Mordor orc
  2 Uruk-hai
 an orc shaman
  a rock piercer
  a pony
  2 yellow lights
  a violet fungus
  3 gnome leaders
  a gnomish wizard
  8 giant ants
  a little dog
  2 floating eyes
  6 dwarves
  a homunculus
  6 hill orcs
  2 rothes
  2 giant bats
  a monkey
  a dwarf zombie
  a werejackal
 an iguana
  2 acid blobs
  a large kobold
  a giant rat
  2 green molds
  2 red molds
 19 gnomes
  3 geckos
  6 jackals
  a kobold
  a sewer rat
  7 grid bugs
  3 bats
  3 lichens
  a kobold zombie
  4 newts
137 creatures vanquished.

No species were genocided or became extinct.

Game over:
                       ----------
                      /          \
                     /    REST    \
                    /      IN      \
                   /     PEACE      \
                  /                  \
                  |     CyberFan     |
                  |      460 Au      |
                  |   killed by a    |
                  |     succubus     |
                  |                  |
                  |                  |
                  |       2026       |
                 *|     *  *  *      | *
        _________)/\\_//(\/(/\)/\//\/|_)_______

Goodbye CyberFan the Rogue...

You died in The Dungeons of Doom on dungeon level 8 with 6162 points,
and 460 pieces of gold, after 5926 moves.
You were level 8 with a maximum of 50 hit points when you died.

